 Dungeon Crawl Stone Soup version 0.29-a0-322-g68df515428 (webtiles) character file.

Game seed: 567774100488757692

85903 jisko22 the Scorcher (level 15, -23/125 (128) HPs)
             Began as a Hill Orc Fire Elementalist on Apr 6, 2022.
             Was a High Priest of Vehumet.
             Annihilated by a bog body (25 damage)
             ... on level 3 of the Swamp.
             The game lasted 02:00:52 (42663 turns).

jisko22 the Scorcher (Hill Orc Fire Elementalist)  Turns: 42663, Time: 02:00:53

HP:   -23/125 (128) AC: 12    Str: 17    XL:     15   Next: 85%
MP:   5/28          EV: 14    Int: 23    God:    Vehumet [*****.]
Gold: 2083          SH:  0    Dex: 17    Spells: 4/32 levels left

rFire   . . .      SeeInvis .   b - staff of conjuration
rCold   . . .      Faith    .   (no shield)
rNeg    . . .      Spirit   .   y - +4 robe "Pyjewnoqa" {Dex+4}
rPois   +          Reflect  .   (no helmet)
rElec   +          Harm     .   d - scarf {repulsion}
rCorr   +          Rampage  .   w - +1 pair of gloves
Will    +....                   t - +2 pair of boots
Stlth   ++........              E - amulet of the acrobat
HPRegen 0.30/turn               g - +6 ring of intelligence
MPRegen 0.21/turn               C - ring "Ezefa" {rElec rPois rCorr}

@: hasted, lightly drained, repel missiles, very quick
A: agile 1, shaggy fur 1, subdued magic 1
a: Renounce Religion


You were on level 3 of the Swamp.
You worshipped Vehumet.
Vehumet was extremely pleased with you.
You visited 5 branches of the dungeon, and saw 26 of its levels.
You also visited: Ossuary and Bailey.

You collected 2654 gold pieces.
You spent 571 gold pieces at shops.

Inventory:

Hand Weapons
 a - a +2 battleaxe of electrocution
 j - a +0 hand axe of venom
 I - a +4 vampiric war axe
 P - a +0 battleaxe
 T - the +3 sling "Punk" {acid, rCorr}
   (You found it on level 9 of the Dungeon)

   Any ammunition fired from it is coated in acid, damaging and corroding those
   it strikes.
   rCorr:     It protects you from acid and corrosion.
Missiles
 m - 33 poisoned darts (quivered)
Armour
 d - a scarf of repulsion (worn)
 i - +0 steam dragon scales
 r - a scarf of harm
 t - a +2 pair of boots (worn)
 v - +0 swamp dragon scales
 w - a +1 pair of gloves (worn)
 y - the +4 robe "Pyjewnoqa" (worn) {Dex+4}
   (You found it on level 5 of the Dungeon)

   Dex:       It affects your dexterity (+4).
 Y - the +0 ring mail of the Rose {Int+3}
   (You found it on level 4 of the Lair of Beasts)

   Int:       It affects your intelligence (+3).
Magical Staves
 b - a staff of conjuration (weapon)
Jewellery
 f - a +6 ring of dexterity
 g - a +6 ring of intelligence (left hand)
 k - a ring of ice
 o - a ring of poison resistance
 u - a +6 ring of dexterity
 C - the ring "Ezefa" (right hand) {rElec rPois rCorr}
   (You bought it in a shop on level 6 of the Dungeon)

   [ring of resist corrosion]

   rElec:     It insulates you from electricity.
   rPois:     It protects you from poison.
   rCorr:     It protects you from acid and corrosion.
 E - an amulet of the acrobat (around neck)
 K - an amulet of faith
Wands
 p - a wand of iceblast (1)
 A - a wand of flame (32)
Scrolls
 q - 3 scrolls of silence
 x - 8 scrolls of teleportation
 F - 2 scrolls of identify
 M - 2 scrolls of fog
 N - 2 scrolls of amnesia
 X - a scroll of magic mapping
Potions
 c - 4 potions of cancellation
 e - 5 potions of curing
 h - 4 potions of might
 l - a potion of mutation
 n - 6 potions of brilliance
 s - 2 potions of haste
 B - 3 potions of flight
 D - 2 potions of ambrosia
 H - 2 potions of berserk rage
 O - 2 potions of magic
 Q - 2 potions of lignification
 S - a potion of resistance
 W - 2 potions of invisibility
Miscellaneous
 G - a phantom mirror (inert)
 U - a box of beasts (inert)


   Skills:
 - Level 10.8 Fighting
 - Level 15.5 Axes
 - Level 5.0 Armour
 - Level 5.0 Dodging
 - Level 1.5 Stealth
 - Level 9.0 Spellcasting
 - Level 9.0 Conjurations
 + Level 18.5 Fire Magic
 - Level 4.0 Evocations


You had 4 spell levels left.
You knew the following spells:

 Your Spells              Type           Power      Damage    Failure   Level
a - Foxfire               Conj/Fire      100%       2x1d9     0%          1
b - Scorch                Fire           100%       2d10      0%          2
c - Flame Wave            Conj/Fire      71%        2d13      1%          4
d - Starburst             Conj/Fire      35%        6d10      1%          6
e - Conjure Flame         Conj/Fire      71%        6-21      1%          3
f - Sticky Flame          Conj/Fire      71%        2d8       1%          4
g - Ignition              Fire           32%        3d10      4%          8

Your spell library contained the following spells:

 Spells                   Type           Power      Damage    Failure   Level
 Magic Dart               Conj           100%       1d8       1%          1
 Shock                    Conj/Air       100%       1d9       1%          1
 Ignite Poison            Fire/Tmut/Pois 29%        N/A       1%          3
 Inner Flame              Hex/Fire       40%        N/A       1%          3
 Mephitic Cloud           Conj/Pois/Air  27%        N/A       1%          3
 Hailstorm                Conj/Ice       35%        3d9       2%          4
 Call Imp                 Summ           7%         N/A       8%          2
 Ensorcelled Hibernation  Hex/Ice        14%        N/A       8%          2
 Passwall                 Tmut/Erth      5%         N/A       8%          2
 Airstrike                Air            3%         N/A       14%         4
 Olgreb's Toxic Radiance  Pois           7%         N/A       14%         4
 Gell's Gravitas          Tloc           7%         N/A       16%         3
 Swiftness                Air            7%         N/A       16%         3
 Teleport Other           Tloc           7%         N/A       16%         3
 Tukima's Dance           Hex            7%         N/A       16%         3
 Anguish                  Hex/Necr       3%         N/A       47%         4
 Animate Armour           Summ/Erth      14%        N/A       47%         4
 Ice Form                 Ice/Tmut       7%         N/A       47%         4
 Petrify                  Tmut/Erth      7%         N/A       47%         4
 Conjure Ball Lightning   Conj/Air       17%        3x3d6     32%         6
 Iron Shot                Conj/Erth      17%        9d4       32%         6
 Blade Hands              Tmut           3%         N/A       83%         5
 Metabolic Englaciation   Hex/Ice        3%         N/A       83%         5
 Summon Forest            Summ/Tloc      3%         N/A       83%         5
 Eringya's Noxious Bog    Tmut/Pois      3%         N/A       88%         6
 Dispersal                Tloc           3%         N/A       100%        6
 Simulacrum               Ice/Necr       3%         N/A       100%        6
 Statue Form              Tmut/Erth      4%         N/A       100%        6
 Enfeeble                 Hex            3%         N/A       100%        7
 Ozocubu's Refrigeration  Ice            3%         4d5       100%        7
 Summon Hydra             Summ           3%         N/A       100%        7
 Borgnjor's Revivificati  Necr           3%         N/A       100%        8
 Discord                  Hex            3%         N/A       100%        8
 Disjunction              Tloc           3%         N/A       100%        8
 Necromutation            Tmut/Necr      3%         N/A       100%        8
 Death's Door             Necr           3%         N/A       100%        9


Dungeon Overview and Level Annotations

Branches:
Dungeon (14/15)            Temple (1/1) D:4            Lair (6/6) D:9
  Swamp (4/4) Lair:2        Snake (1/4) Lair:2        Slime (0/5) Lair:6
    Orc (0/2) D:9          Vaults (0/5) D:13        Ossuary (visited)
 Bailey (visited)

Altars:
Ashenzari
Cheibriados
Dithmenos
Elyvilon
Fedhas
Gozag
Hepliaklqana
Makhleb
Okawaru
Qazlal
Ru
Sif Muna
Uskayaw
Vehumet
Wu Jian
Xom
Yredelemnul
Zin
The Shining One

Shops:
D:2 [   D:5 [   D:6 *

Annotations:
D:3 1 runed translucent door, Cecur's ghost, amateur OpEE
D:4 1 runed translucent door, Crazy Yiuf
Lair:2 2 transporters, exclusion: oklob plant, Icykiwko's ghost, journeyman DrCj
Lair:4 2 transporters


Innate Abilities, Weirdness & Mutations

You are agile. (Dex +2)
You are covered in fur. (AC +1)
Your spells are a little easier to cast, but a little less powerful.


Message History

You feel a surge of power!
You conjure some foxfire!
Casting: Foxfire (safe; 0% risk of failure)
Confirm with . or Enter, or press ? or * to list all spells.
You feel a surge of power!
You conjure some foxfire!
You hear a shout!
The bog body points at you and mumbles some strange words.
The bolt of cold hits your foxfire!! The bolt of cold hits you!!
* * * LOW HITPOINT WARNING * * *
The foxfire hits the bog body.
The bog body is lightly damaged.
Unknown command.
Casting: Foxfire (safe; 0% risk of failure)
Confirm with . or Enter, or press ? or * to list all spells.
Flames lash the bog body.
The bog body is moderately damaged.
The foxfire hits the bog body but does no damage.
The bog body is moderately damaged.
You hear a shout!
The foxfire hits the bog body.
The bog body is moderately damaged.
Aiming: Throw Flame
Press: ? - help, Shift-Dir - straight line, f - bog body
Aim: a bog body (moderately damaged, more vulnerable to fire, 75% to hit)
The puff of flame hits the bog body!
The bog body is severely damaged.
You hear a shout!
Unknown command.
That's the wrong kind of item! (Use * to select it.) Evoke which item? (* to show all) (? for menu, Esc to quit)
Okay, then.
Aiming: Throw Flame
Press: ? - help, Shift-Dir - straight line, f/p - bog body
Aim: a bog body (severely damaged, more vulnerable to fire, 75% to hit)
The puff of flame hits the bog body!
The bog body is almost destroyed.
You hear a bellow!
The bog body touches you!
* * * LOW HITPOINT WARNING * * *
The bog body freezes you!!
You die...

.§♣
♣≈...≈(≈≈≈≈≈≈≈≈.≈≈≈♣
♣♣♣
♣≈≈.♣.≈≈≈≈≈≈≈≈...≈≈§
♣≈≈.≈≈≈≈≈≈.≈.♣≈≈.≈
≈≈.♣♣≈<≈≈≈≈§§.≈≈≈≈.≈
♣♣≈.≈≈≈≈.≈.≈≈...
♣≈≈..≈≈≈.≈≈≈≈.♣
♣≈≈≈≈≈≈≈$≈♣≈≈♣♣
...≈≈.♣♣.§§♣♣.≈♣♣♣♣
..≈...♣.n@§.♣.≈.≈.♣♣♣
≈..≈≈....§§≈..§.≈≈..♣
..≈.≈...........≈≈.≈≈.
.....≈..≈.≈..≈≈.......♣
...≈...≈......$....♣♣
≈..♣.≈≈..≈..≈....♣♣
≈....≈.≈≈.≈...≈≈≈.♣
≈≈.≈§..≈≈.≈.♣.≈..♣
:........≈♣♣♣...


You could see a bog body (combustible).

Vanquished Creatures
  Jorgrun (D:13)
  A fenstrider witch (Swamp:3)
  Kirke (Lair:4)
  4 eleionomae
  3 bunyips
  A shambling mangrove (Swamp:3)
  12 hydras
  2 naga warriors (Snake:1)
  A ghost crab (Swamp:2)
  A centaur warrior (D:13)
  5 two-headed ogres
  A dancing weapon (D:13)
  6 alligators
  2 spriggan berserkers (Swamp:3)
  A naga sharpshooter (Snake:1)
  4 spriggans
  A sea snake (Lair:6)
  2 spriggan druids
  4 goliath frogs
  2 swamp dragons
  A naga ritualist (Snake:1)
  4 bog bodies
  Pikel (D:5)
  2 harpies (Lair:6)
  A lindwurm (Lair:6)
  3 oklob plants (Lair:5)
  2 mana vipers (Snake:1)
  3 cyclopes
  A will-o-the-wisp (Swamp:3)
  4 manticores
  7 black mambas
  20 cane toads
  5 torpor snails
  A gargoyle (D:12)
  12 elephants
  A naga mage (Snake:1)
  A rime drake (Lair:6)
  11 komodo dragons
  A troll (D:12)
  A bloated husk (Swamp:3)
  Grinder (D:5)
  8 blink frogs
  A wind drake (Lair:6)
  7 hornets
  9 tyrant leeches
  A snapping turtle (Lair:6)
  A wraith (D:11)
  Sigmund (D:6)
  5 wyverns
  A shadow (D:10)
  3 basilisks
  4 hogs
  24 yaks
  20 vampire mosquitoes
  2 steam dragons
  An acid dragon (D:12)
  10 swamp worms
  7 nagas
  13 water moccasins
  6 orc warriors
  A sky beast (D:3)
  3 wolves (Lair:2)
  6 centaurs
  A lemure (D:5)
  A phantom (D:5)
  4 kobold brigands
  A necrophage (D:6)
  15 bullfrogs
  2 gnoll sergeants
  6 water moccasin zombies (Ossuary)
  3 scorpions
  8 wights
  11 killer bees
  4 howler monkeys
  An electric eel (Lair:3)
  8 orc priests
  3 hounds
  4 iguanas
  12 orc wizards
  3 mummies
  Robin (D:4)
  13 gnolls
  7 adders
  An ufetubus (D:4)
  7 adder zombies (Ossuary)
  A dart slug (D:1)
  32 orcs
  7 ball pythons
  3 bats
  5 endoplasms
  3 giant cockroaches (D:2)
  17 goblins
  12 hobgoblins
  4 jackals (D:1)
  A quokka (D:1)
  2 frilled lizards
  7 gnoll zombies (Ossuary)
  A goblin zombie (D:8)
  3 hobgoblin zombies (Ossuary)
  16 kobolds
  6 kobold zombies
  5 orc zombies (Ossuary)
  4 rats
  A butterfly (Lair:6)
518 creatures vanquished.

Vanquished Creatures (collateral kills)
  A tentacled monstrosity (Swamp:2)
  A thorn hunter (Swamp:3)
  A bunyip (Swamp:3)
  A dancing weapon (D:13)
  An alligator (Swamp:3)
  A swamp worm (Swamp:2)
  6 briar patches (Swamp:3)
  7 foxfires
19 creatures vanquished.

Vanquished Creatures (others)
  A bloated husk (Swamp:2)
  A briar patch (Swamp:3)
  1030 foxfires
  61 fungi
  106 plants
1199 creatures vanquished.

Grand Total: 1736 creatures vanquished

Notes
Turn   | Place    | Note
-------+----------+-------------------------------------------
     0 | D:1      | jisko22 the Hill Orc Fire Elementalist began the quest for
                  | the Orb.
     0 | D:1      | Reached XP level 1. HP: 14/14 MP: 3/3
   357 | D:1      | Reached skill level 1 in Fighting
   357 | D:1      | Reached XP level 2. HP: 14/23 MP: 0/4
   577 | D:1      | Learned a level 2 spell: Scorch
  1858 | D:1      | Identified a scroll of acquirement
  1858 | D:1      | Acquired 1179 gold pieces
  2589 | D:2      | Reached XP level 3. HP: 26/28 MP: 3/5
  2645 | D:2      | Reached skill level 1 in Axes
  2666 | D:2      | Found Laitzaig's Armour Shop.
  2683 | D:2      | Bought a +0 leather armour for 22 gold pieces
  2683 | D:2      | Bought a +0 cloak for 49 gold pieces
  3020 | D:2      | Reached skill level 1 in Armour
  3044 | D:2      | Reached skill level 4 in Fire Magic
  3044 | D:2      | Reached XP level 4. HP: 35/35 MP: 2/6
  3062 | D:2      | Learned a level 3 spell: Conjure Flame
  3869 | D:3      | Noticed Cecur's ghost (amateur OpEE)
  3874 | D:3      | Found a runed translucent door.
  4065 | D:3      | Noticed a sky beast
  4142 | D:3      | Killed a sky beast
  4143 | D:3      | Reached XP level 5. HP: 41/41 MP: 3/8
  4883 | D:4      | Noticed Robin
  4902 | D:4      | Killed Robin
  4903 | D:4      | Reached XP level 6. HP: 39/48 MP: 7/9
  5265 | D:4      | Found a runed translucent door.
  5266 | D:4      | Noticed Crazy Yiuf
  5769 | D:4      | Found a staircase to the Ecumenical Temple.
  5852 | Temple   | Entered the Ecumenical Temple
  6056 | Temple   | Became a worshipper of Vehumet
  6504 | D:5      | Entered Level 5 of the Dungeon
  6534 | D:5      | Reached skill level 5 in Fire Magic
  6549 | D:5      | Noticed Pikel
  6731 | D:5      | Killed Pikel
  6732 | D:5      | Reached XP level 7. HP: 29/57 MP: 3/11
  6732 | D:5      | Reached XP level 8. HP: 32/63 MP: 3/12
  6907 | D:5      | Reached skill level 6 in Fire Magic
  7514 | D:5      | Learned a level 4 spell: Flame Wave
  7689 | D:5      | Noticed Grinder
  7689 | D:5      | Paralysed by Grinder for 3 turns
  7696 | D:5      | Killed Grinder
  7697 | D:5      | Reached skill level 5 in Armour
  7884 | D:5      | Found Meavykk's Armour Emporium.
  7968 | D:5      | Identified the +4 robe "Pyjewnoqa" {Dex+4}
  8538 | D:6      | Reached skill level 5 in Axes
  8999 | D:6      | Reached skill level 7 in Fire Magic
  9011 | D:6      | Reached XP level 9. HP: 53/73 MP: 0/14
  9295 | D:6      | Found Nor Jyla's General Store.
  9303 | D:6      | Bought the ring "Ezefa" {rElec rPois rCorr} for 458 gold
                  | pieces
  9303 | D:6      | Bought a scroll of magic mapping for 42 gold pieces
  9459 | D:6      | Noticed Sigmund
  9466 | D:6      | Killed Sigmund
  9467 | D:6      | Reached skill level 5 in Fighting
 10020 | D:7      | Gained mutation: You sometimes lose the ability to read
                  | scrolls when taking damage. [potion of mutation]
 10020 | D:7      | Gained mutation: You are weak. (Str -2) [potion of
                  | mutation]
 10020 | D:7      | Gained mutation: You are frail. (-10% HP) [potion of
                  | mutation]
 10021 | D:7      | Lost mutation: You sometimes lose the ability to read
                  | scrolls when taking damage. [potion of mutation]
 10021 | D:7      | Lost mutation: You are frail. (-10% HP) [potion of
                  | mutation]
 10021 | D:7      | Gained mutation: You are partially covered in iridescent
                  | scales. (AC +2) [potion of mutation]
 10131 | D:7      | Reached * piety under Vehumet
 10131 | D:7      | Offered knowledge of Magic Dart by Vehumet.
 10553 | D:7      | Noticed a two-headed ogre
 10577 | D:7      | Killed a two-headed ogre
 11481 | D:8      | Reached skill level 8 in Fire Magic
 11492 | D:8      | Reached XP level 10. HP: 82/82 MP: 6/15
 11593 | D:8      | Found a flagged portal.
 11631 | Bailey   | Entered a bailey
 11647 | Bailey   | Noticed an orc knight
 12090 | D:8      | Found a burning altar of Makhleb.
 12119 | D:8      | Found a sand-covered staircase.
 12126 | Ossuary  | Entered an ossuary
 12495 | Ossuary  | Offered knowledge of Poisonous Vapours by Vehumet.
 12495 | Ossuary  | Reached ** piety under Vehumet
 13024 | D:8      | Offered knowledge of Stone Arrow by Vehumet.
 13168 | D:8      | Found a sacrificial altar of Ru.
 13168 | D:8      | Found a basalt altar of Yredelemnul.
 13895 | D:9      | Reached *** piety under Vehumet
 14332 | D:9      | Found an iron altar of Okawaru.
 14484 | D:9      | Reached skill level 5 in Conjurations
 14518 | D:9      | Found a staircase to the Lair.
 14878 | D:9      | Offered knowledge of Fulminant Prism by Vehumet.
 14889 | D:9      | Reached skill level 9 in Fire Magic
 15059 | D:9      | Found a staircase to the Orcish Mines.
 15287 | D:9      | Noticed a two-headed ogre
 15294 | D:9      | Killed a two-headed ogre
 15295 | D:9      | Reached XP level 11. HP: 91/91 MP: 8/17
 15642 | D:9      | Found the +3 sling "Punk" {acid, rCorr}
 15956 | Lair:1   | Entered Level 1 of the Lair of Beasts
 16222 | Lair:1   | Reached **** piety under Vehumet
 16639 | D:9      | Offered knowledge of Irradiate by Vehumet.
 17177 | Lair:1   | Learned a level 8 spell: Ignition
 17501 | Lair:1   | Found a snail-covered altar of Cheibriados.
 17514 | Lair:1   | Reached skill level 10 in Axes
 17514 | Lair:1   | Reached skill level 10 in Fire Magic
 18204 | Lair:1   | Identified the +9 rapier "Giantbane" {venom, rElec rC+++
                  | Int-2 Stlth+}
 18576 | Lair:1   | Reached skill level 5 in Spellcasting
 19280 | Lair:2   | Found a transporter.
 19281 | Lair:2   | Found a transporter.
 19330 | Lair:2   | Found a staircase to the Snake Pit.
 19536 | Lair:2   | Reached XP level 12. HP: 101/101 MP: 13/19
 19608 | Lair:2   | Reached skill level 11 in Fire Magic
 19890 | Lair:2   | Reached ***** piety under Vehumet
 19938 | Lair:2   | Noticed Icykiwko's ghost (journeyman DrCj)
 19946 | Lair:2   | Noticed a six-headed hydra
 20043 | Lair:2   | Offered knowledge of Starburst by Vehumet.
 20052 | Lair:2   | Learned a level 6 spell: Starburst
 20068 | Lair:2   | Reached skill level 5 in Dodging
 20547 | Lair:2   | Noticed a seven-headed hydra
 20555 | Lair:2   | Killed a seven-headed hydra
 20897 | Lair:2   | Noticed a six-headed hydra
 20902 | Lair:2   | Killed a six-headed hydra
 21670 | Lair:2   | Found a staircase to the Swamp.
 22794 | Lair:3   | Noticed a six-headed hydra
 22802 | Lair:3   | Killed a six-headed hydra
 22803 | Lair:3   | Reached skill level 12 in Fire Magic
 24600 | Lair:4   | Identified the +0 ring mail of the Rose {Int+3}
 24664 | Lair:4   | Noticed Kirke
 24675 | Lair:4   | Reached XP level 13. HP: 107/111 MP: 15/22
 24679 | Lair:4   | Noticed a sphinx
 24682 | Lair:4   | Paralysed by a sphinx for 3 turns
 24799 | Lair:4   | Noticed a sphinx
 24803 | Lair:4   | Killed Kirke
 25276 | Lair:4   | Found a transporter.
 25280 | Lair:4   | Found a transporter.
 27144 | Lair:5   | Reached skill level 13 in Fire Magic
 27459 | Lair:5   | Identified the amulet "Filuwor" {Reflect rF++ Dex-5 SH+5}
 27723 | Lair:6   | Entered Level 6 of the Lair of Beasts
 28314 | Lair:6   | Reached skill level 10 in Fighting
 28479 | Lair:6   | Found a staircase to the Slime Pits.
 29234 | Lair:6   | Learned a level 4 spell: Sticky Flame
 29456 | Lair:6   | Identified the -2 buckler "Hootz" {rF++ rCorr Int-5 Dex+4}
 29482 | Lair:6   | Reached XP level 14. HP: 122/122 MP: 16/24
 29825 | Lair:6   | Reached skill level 15 in Axes
 30121 | Lair:5   | Identified the +0 morningstar of Diry {pain, *Slow Fly
                  | rPois Dex+5}
 30215 | Swamp:1  | Entered Level 1 of the Swamp
 30321 | D:10     | Entered Level 10 of the Dungeon
 31565 | D:11     | Reached skill level 14 in Fire Magic
 32406 | D:11     | Lost mutation: You are weak. (Str -2) [potion of mutation]
 32406 | D:11     | Lost mutation: You are partially covered in iridescent
                  | scales. (AC +2) [potion of mutation]
 32406 | D:11     | Gained mutation: You are dopey. (Int -2) [potion of
                  | mutation]
 32406 | D:11     | Gained mutation: You occasionally shout uncontrollably at
                  | your foes. [potion of mutation]
 32406 | D:11     | Lost mutation: You are dopey. (Int -2) [potion of mutation]
 32407 | D:11     | Lost mutation: You occasionally shout uncontrollably at
                  | your foes. [potion of mutation]
 32407 | D:11     | Gained mutation: You are covered in fur. (AC +1) [potion of
                  | mutation]
 32407 | D:11     | Gained mutation: Your spells are a little easier to cast,
                  | but a little less powerful. [potion of mutation]
 32407 | D:11     | Gained mutation: You are agile. (Dex +2) [potion of
                  | mutation]
 33748 | D:13     | Noticed Jorgrun
 33757 | D:13     | Killed Jorgrun
 34125 | D:13     | Learned a level 8 spell: Ignition
 34177 | D:13     | Identified the +0 robe of Muttered Phrases {rF+ rN+ Will-
                  | Str+3}
 34856 | D:13     | Found a gate to the Vaults.
 36576 | Swamp:1  | Noticed an eleionoma
 36582 | Swamp:1  | Killed an eleionoma
 36614 | Lair:2   | Reached skill level 15 in Fire Magic
 37583 | Swamp:1  | Reached XP level 15. HP: 93/128 MP: 19/28
 38836 | Swamp:2  | Noticed a tentacled monstrosity
 38840 | Swamp:2  | Reached skill level 16 in Fire Magic
 38852 | Swamp:2  | Killed a tentacled monstrosity
 39772 | Swamp:3  | Noticed a thorn hunter
 39772 | Swamp:3  | Noticed a fenstrider witch
 39776 | Swamp:3  | Killed a thorn hunter
 39781 | Swamp:3  | Killed a fenstrider witch
 39782 | Swamp:3  | Reached skill level 17 in Fire Magic
 40748 | Snake:1  | Entered Level 1 of the Snake Pit
 41683 | Swamp:3  | Reached skill level 18 in Fire Magic
 42627 | Swamp:4  | Entered Level 4 of the Swamp
 42663 | Swamp:3  | HP: 2/125 [bog body (14)]
 42663 | Swamp:3  | Annihilated by a bog body

Illustrated notes

Levels and vault maps discovered:
D:1:      arrival_zaba_pyramid, layout_loops_corners, serial_forest,
          infiniplex_forest_end_3, infiniplex_forest_lined_3,
          infiniplex_forest_3_way, infiniplex_forest_clump_tiny
D:2:      layout_basic, serial_shops, nicolae_shop_competitors_out_of_business
D:3:      layout_basic, hellmonk_ghost_happy_afterlife,
          dreamdust_princess_corridor
D:4:      layout_basic, minmay_temple_entry_antechambers,
          uniq_crazy_yiuf_cottage, uniq_robin
D:5:      layout_basic, serial_shops, nicolae_shop_stone,
          minmay_misc_feat_doors, uniq_grinder, uniq_pikel
D:6:      layout_layer_cave, serial_shops, shop, uniq_sigmund
D:7:      layout_rooms
D:8:      layout_loops_cross, nicolae_overflow_crystal_walls,
          gammafunk_temple_overflow_statue, nicolae_ossuary_entry_giza,
          enter_bailey_5, minivault_1
D:9:      layout_big_octagon, mainiacjoe_overflow_cross_hatched,
          dpeg_oklobed_lair, david_orc_4, minivault_5, grunt_decor_resistance
D:10:     layout_cave_pools, minmay_misc_feat_iff
D:11:     layout_gridville
D:12:     layout_irregular_city
D:13:     layout_roguey, erik_vaults_1, uniq_jorgrun
D:14:     layout_stronghold, infiniplex_staircase_pool_1, uniq_lodul,
          uniq_roxanne
Temple:   hc_temple_tempest_star
Lair:1:   layout_small_grid, kennysheep_snail_temple
Lair:2:   layout_regular_city, palyth_hydra_swamp_entry,
          minmay_snake_entry_guardpost_medium, nzn_ghost_randoct,
          beast_lair_carwin_5
Lair:3:   layout_regular_city, nicolae_quartered_pool_medium
Lair:4:   gammafunk_boulding_lane, layout_cave_pods,
          chequers_serial_rivers_micro_a, chequers_serial_rivers_micro_c,
          uniq_kirke
Lair:5:   minmay_lair_oklob_chamber, layout_loops_ring, lemuel_fruit_fields,
          infiniplex_staircase_pool, grunt_megastairs_3
Lair:6:   gammafunk_lair_ancient_temple, layout_regular_city, slime_dummy,
          lemuel_fruit_fields
Swamp:1:  layout_basic_swamp, evilmike_swamp_ruin_house_6
Swamp:2:  layout_basic_swamp, nicolae_swamp_some_circles
Swamp:3:  layout_basic_swamp, nicolae_swamp_tree_isthmus
Swamp:4:  swamp_old_school, layout_basic_swamp, swamp_pool2,
          nicolae_swamp_baby_hydras, uniq_mara
Snake:1:  layout_onion, portal_ice_cave_entry_pillars_2, grunt_megastairs_4,
          lemuel_fruit_tree

Skill      XL: |  1  2  3  4  5  6  7  8  9 10 11 12 13 14 15 |
---------------+----------------------------------------------+-----
Fighting       | 1 2 3 4 5 6 7 9 10 | 10.8
Axes           | 1 2 3 5 7 9 11 13 14 15 | 15.5
Armour         | 1 2 4 5 |  5.0
Fire Magic     | 4 5 7 8 9 10 12 13 15 18 | 18.5
Spellcasting   | 2 3 4 5 6 9 |  9.0
Conjurations   | 2 3 4 5 6 7 8 9 |  9.0
Dodging        | 2 3 4 5 |  5.0
Evocations     | 4 |  4.0
Stealth        | |  1.5

Action                   |  1- 3 |  4- 6 |  7- 9 | 10-12 | 13-15 || total
-------------------------+-------+-------+-------+-------+-------++-------
Melee: Unarmed           |    26 |       |       |       |     3 ||    29
       Hand axe          |    14 |    66 |    41 |       |       ||   121
       Punch             |       |     1 |     1 |     1 |     1 ||     4
       War axe           |       |       |    18 |   146 |    70 ||   234
       Staff             |       |       |       |       |     1 ||     1
       Battleaxe         |       |       |       |       |     8 ||     8
Throw: Dart              |       |     4 |       |     1 |     2 ||     7
 Cast: Foxfire           |    44 |    45 |    87 |   185 |   257 ||   618
       Scorch            |     1 |     9 |    45 |   182 |   208 ||   445
       Conjure Flame     |       |       |     2 |     1 |     2 ||     5
       Flame Wave        |       |       |     2 |    24 |    22 ||    48
       Starburst         |       |       |       |    11 |    82 ||    93
       Ignition          |       |       |       |       |    25 ||    25
Evoke: Wand              |       |       |       |     6 |    17 ||    23
       Box of beasts     |       |       |       |       |     3 ||     3
       Phantom mirror    |       |       |       |       |     1 ||     1
  Use: Scroll            |     5 |     5 |     3 |    16 |    21 ||    50
       Potion            |       |     3 |     3 |     3 |    12 ||    21
 Stab: Distracted        |     1 |       |       |       |     1 ||     2
       Sleeping          |       |     2 |       |       |       ||     2
Armor: Robe              |     3 |       |    30 |    78 |    90 ||   201
       Leather armour    |     3 |    20 |     1 |       |       ||    24
Dodge: Dodged            |    43 |    42 |    46 |   172 |   257 ||   560
       Repelled          |       |       |       |     2 |    11 ||    13

Table legend: (Time is in decaauts)
 A = Elapsed time spent in this place.
 B = Non-inter-level travel time spent in this place.
 C = Inter-level travel time spent in this place.
 D = Time resting spent in this place.
 E = Time spent auto-exploring this place.
 F = Levels seen in this place.
 G = Mean time per level.
                   A        B        C        D        E       F      G
               +--------+--------+--------+--------+--------+-----+--------+
         Total |  42954 |  41395 |   1559 |  22871 |  12647 |  28 | 1534.1 |
       Dungeon |  20640 |  19983 |    657 |   9569 |   7756 |  14 | 1474.3 |
        Temple |    220 |    191 |     29 |      0 |    176 |   1 |  220.0 |
          Lair |  15919 |  15308 |    611 |   9960 |   3552 |   6 | 2653.2 |
         Swamp |   4881 |   4625 |    256 |   2648 |   1019 |   4 | 1220.2 |
     Snake Pit |    370 |    365 |      5 |      0 |    144 |   1 |  370.0 |
       Ossuary |    882 |    882 |      0 |    693 |      0 |   1 |  882.0 |
        Bailey |     38 |     38 |      0 |      0 |      0 |   1 |   38.0 |
               +--------+--------+--------+--------+--------+-----+--------+

Top non-repeatable levels by time:
  Lair:2: 4934 daAuts
  Lair:5: 3042 daAuts
  Lair:1: 2709 daAuts
     D:9: 2701 daAuts
 Swamp:2: 2424 daAuts
     D:1: 2352 daAuts
  Lair:3: 2303 daAuts
     D:6: 2019 daAuts
     D:5: 1901 daAuts
     D:4: 1772 daAuts
     D:8: 1771 daAuts
 Swamp:1: 1735 daAuts
    D:13: 1677 daAuts
  Lair:4: 1636 daAuts
     D:2: 1307 daAuts
